AoeStats
← ZayaTruco

Arena

510203845Analyzed
4v4 RM · 2d ago on Sep 29, 2026· 55m 56s· 8 players
Game mode
Random Map
Map size
Large (8 player)
Population
200
Speed
Normal
Resources
Standard
Victory
Conquest
Starting age
Dark Age
Ending age
Imperial Age
RankedLock teamsTeams togetherTeam positionsShared explorationLock speedFull tech treeHidden civsTurbo modeCheats
Victory
Defeat
🇦🇷 Varangians · Argentina
743
+14
🇧🇷 Britons · Brazil
677
+17
🇦🇷 Lithuanians · Argentina
676
+17
🇮🇹 Vietnamese · Italy
648
+18
🇷🇺 Bohemians · Russia
757
-19
🇺🇸 Danes · United States
727
-18
🇩🇴 Huns · Dominican Republic
706
-17
🇨🇴 Franks · Colombia
585
-12
Lautenaius Maximus
10:11 Feudal Age
11:49 Double-Bit Axe
16:44 Castle Age
15:20 Horse Collar
19:01 Fletching
21:29 Ballistics
21:29 Bodkin Arrow
24:52 Wheelbarrow
29:16 Gold Mining
29:26 Stone Mining
32:24 Imperial Age
32:35 Heavy Plow
33:12 Yeomen
33:22 Fortified Wall
34:20 Gold Shaft Mining
34:26 Hand Cart
34:38 Bracer
35:41 Chemistry
35:37 Forging
34:53 Pikeman
37:30 Bow Saw
37:47 Conscription
45:25 Halberdier
45:31 Elite Longbowman
55:13 Hoardings
ildemo
0:29 Loom
13:44 Feudal Age
14:14 Horse Collar
14:22 Double-Bit Axe
15:16 Wheelbarrow
16:08 Gold Mining
16:09 Stone Mining
21:45 Castle Age
23:30 Crossbowman
24:16 Thumb Ring
28:36 Chatras
32:05 Hand Cart
31:20 Man-at-Arms
32:01 Squires
31:48 Arson
33:24 Bow Saw
33:50 Fletching
34:01 Padded Archer Armor
37:14 Imperial Age
34:30 Town Watch
34:38 Town Watch
35:27 Leather Archer Armor
35:16 Scale Mail Armor
35:42 Husbandry
39:00 Chemistry
37:43 Treadmill Crane
37:59 Murder Holes
38:09 Siege Engineers
38:17 Masonry
38:32 Paper Money
40:02 Bloodlines
41:44 Guilds
41:35 Caravan
45:47 Elite Battle Elephant
45:49 Cavalier
47:33 Light Cavalry
48:30 Forging
48:35 Chain Mail Armor
48:51 Ring Archer Armor
48:16 Bodkin Arrow
48:27 Scale Barding Armor
48:54 Elite Rattan Archer
50:10 Hoardings
52:08 Elite Fire Lancer
53:57 Iron Casting
53:22 Bracer
53:53 Plate Mail Armor
53:44 Chain Barding Armor
53:47 Ballistics
53:18 Heated Shot
53:39 Fortified Wall
ZayaTruco
13:28 Feudal Age
17:28 Double-Bit Axe
22:16 Castle Age
23:24 Caravan
23:55 Coinage
23:54 Scale Barding Armor
24:42 Forging
28:13 Iron Casting
28:56 Chain Barding Armor
31:33 Wheelbarrow
30:45 Horse Collar
31:34 Heavy Plow
33:03 Husbandry
33:45 Bloodlines
35:01 Bow Saw
41:00 Imperial Age
40:05 Hand Cart
42:56 Crop Rotation
43:03 Plate Barding Armor
41:52 Elite Leitis
42:53 Conscription
44:19 Two-Man Saw
braian4400
11:12 Feudal Age
12:07 Loom
16:32 Castle Age
14:47 Double-Bit Axe
23:02 Arson
23:50 Scale Mail Armor
24:01 Forging
23:58 Gambesons
24:37 Squires
27:59 Gold Mining
29:16 Wheelbarrow
35:19 Imperial Age
33:38 Horse Collar
34:11 Bow Saw
34:59 Fletching
35:09 Padded Archer Armor
35:26 Pikeman
37:36 Ballistics
37:20 Halberdier
39:37 Treadmill Crane
40:43 Elite Varangian Guard
42:25 Conscription
42:53 Bodkin Arrow
43:13 Leather Archer Armor
43:52 Bracer
43:59 Scale Barding Armor
45:04 Iron Casting
44:10 Vendel Legacy
46:15 Fortified Wall
victordelarosac
2:21 Loom
13:01 Feudal Age
13:35 Double-Bit Axe
13:35 Horse Collar
19:09 Castle Age
18:29 Forging
18:30 Man-at-Arms
23:53 Pikeman
31:29 Murder Holes
32:35 Fletching
33:48 Sanctity
35:17 Heavy Plow
43:16 Imperial Age
40:37 Long Swordsman
41:39 Stone Mining
44:59 Wheelbarrow
44:04 Halberdier
45:09 Onager
45:21 Two-Handed Swordsman
46:39 Caravan
46:37 Heated Shot
47:01 Masonry
47:39 Bow Saw
48:31 Ballistics
estebassguitar
0:39 Loom
12:52 Feudal Age
13:25 Double-Bit Axe
15:03 Gold Mining
18:22 Wheelbarrow
23:43 Castle Age
24:00 Elite Skirmisher
26:08 Gold Shaft Mining
25:23 Stone Mining
26:52 Caravan
27:48 Hand Cart
28:32 Treadmill Crane
30:26 Coinage
31:44 Bow Saw
35:31 Imperial Age
33:36 Ballistics
34:25 Pikeman
35:05 Squires
34:50 Gambesons
34:26 Man-at-Arms
34:52 Arson
35:26 Masonry
35:18 Light Cavalry
35:58 Husbandry
35:52 Fletching
36:02 Padded Archer Armor
36:04 Scale Mail Armor
35:52 Halberdier
36:30 Long Swordsman
38:20 Chemistry
37:13 Cavalier
37:18 Crossbowman
37:45 Cranequins
38:32 Chivalry
39:37 Bodkin Arrow
39:57 Leather Archer Armor
41:13 Heavy Mounted Crossbowman
41:33 Capped Ram
44:24 Town Watch
44:52 Two-Handed Swordsman
46:21 Fortified Wall
46:07 Murder Holes
46:04 Guard Tower
50:12 Champion
51:24 Onager
53:07 Town Patrol
52:30 Ordonnance Companies
53:48 Hoardings
53:33 Conscription
Noobburner
14:03 Feudal Age
12:19 Loom
15:39 Wheelbarrow
14:52 Double-Bit Axe
14:48 Horse Collar
20:18 Castle Age
18:36 Fletching
27:35 Hand Cart
27:33 Heavy Plow
30:26 Fervor
30:40 Sanctity
32:34 Chemistry
31:55 Ballistics
31:56 Bodkin Arrow
32:01 Padded Archer Armor
32:56 Caravan
34:11 Wagenburg Tactics
37:15 Imperial Age
35:12 Leather Archer Armor
37:28 Bow Saw
38:27 Conscription
40:07 Ring Archer Armor
45:05 Siege Engineers
45:21 Bombard Tower
46:23 Bracer
47:24 Houfnice
54:35 Elite Skirmisher
LordJavier
2:39 Loom
11:11 Feudal Age
12:30 Double-Bit Axe
18:04 Castle Age
17:41 Gold Mining
17:42 Stone Mining
17:38 Horse Collar
20:07 Squires
19:53 Arson
20:39 Forging
23:00 Fletching
23:30 Pikeman
27:49 Bow Saw
28:46 Gold Shaft Mining
28:35 Ballistics
29:05 Murder Holes
29:46 Bodkin Arrow
36:02 Imperial Age
36:07 Iron Casting
35:33 Scale Mail Armor
35:33 Elite Skirmisher
36:16 Cavalier
37:01 Husbandry
37:12 Bloodlines
38:56 Parthian Tactics
39:42 Marauders
42:00 Wheelbarrow
41:10 Town Watch
41:22 Light Cavalry
45:09 Scale Barding Armor
45:20 Chain Mail Armor
48:44 Blast Furnace
53:56 Hussar
55:47 Two-Man Saw
Connection lost

Rejoining the realm…

Still unreachable

The connection could not be restored.

Session expired

The server has moved on; the page needs a fresh start.